[Event "Asian Zonal-ch 3.5 Women 2019"]
[Site "Zi Bo"]
[Date "2019.09.09"]
[Round "8.5"]
[White "Li, Yunshan"]
[Black "Hu, Yu A."]
[Result "1/2-1/2"]
[ECO "D36"]
[WhiteElo "2261"]
[BlackElo "2105"]
[Annotator "ChessBase"]
[PlyCount "74"]
[EventDate "2019.09.05"]
[EventType "swiss"]
[EventCountry "CHN"]
[SourceTitle "playchess.com"]
[Source "ChessBase"]
[SourceQuality "1"]
[TimeControl "5400+30"]

1. d4 Nf6 2. c4 e6 3. Nc3 d5 4. cxd5 exd5 5. Bg5 Be7 6. e3 c6 7. Bd3 Nbd7 8. Qc2 Nh5 9. Bxe7 Qxe7 10. Nge2 g6 11. O-O O-O 12. Rab1 Nb6 13. b4 Be6 14. Na4 Nxa4 15. Qxa4 a6 16. Qb3 Ng7 17. a4 Bf5 18. Rfc1 Rfc8 19. h3 Bxd3 20. Qxd3 Nf5 21. b5 axb5 22. axb5 Nd6 23. bxc6 bxc6 24. Nf4 Nc4 25. Ra1 Rcb8 26. g3 Rxa1 27. Rxa1 Rb2 28. Re1 Qb4 29. Rc1 Qa4 30. e4 Rd2 31. Qf3 dxe4 32. Qxe4 Rd1+ 33. Rxd1 Qxd1+ 34. Kg2 Nd2 35. Qd3 Qe1 36. Qe2 Qxe2 37. Nxe2 Kf8 1/2-1/2

[Event "Asian Zonal-ch 3.5 Women 2019"]
[Site "Zi Bo"]
[Date "2019.09.09"]
[Round "8.7"]
[White "Zhang, Xiao"]
[Black "Zhang, Yuxuan"]
[Result "1-0"]
[ECO "E62"]
[WhiteElo "2073"]
[BlackElo "1979"]
[Annotator "NA"]
[PlyCount "45"]
[EventDate "2019.09.05"]
[EventType "swiss"]
[EventCountry "CHN"]
[SourceTitle "playchess.com"]
[Source "ChessBase"]
[SourceQuality "1"]
[TimeControl "5400+30"]

1. d4 Nf6 2. c4 g6 3. Nf3 Bg7 4. g3 O-O 5. Bg2 d6 6. O-O Nc6 7. Nc3 Bf5 8. Ne1 Qd7 9. e4 Bh3 10. Nf3 Bxg2 11. Kxg2 e5 12. d5 Ne7 13. a4 a5 14. c5 Ne8 15. Qb3 dxc5 16. Qxb7 Nd6 17. Qb3 Rfb8 18. Qc2 f5 19. Re1 Nxe4 20. Nxe4 fxe4 21. Ng5 Qxd5 22. Rd1 Qb3 23. Rd8+ 1-0

[Event "Asian Zonal-ch 3.5 Women 2019"]
[Site "Zi Bo"]
[Date "2019.09.09"]
[Round "8.8"]
[White "Zhou, Zirun"]
[Black "Zhang, Lanlin"]
[Result "1/2-1/2"]
[ECO "D31"]
[WhiteElo "2155"]
[BlackElo "2203"]
[Annotator "ChessBase"]
[PlyCount "135"]
[EventDate "2019.09.05"]
[EventType "swiss"]
[EventCountry "CHN"]
[SourceTitle "playchess.com"]
[Source "ChessBase"]
[SourceQuality "1"]
[TimeControl "5400+30"]

1. d4 d5 2. c4 e6 3. Nc3 a6 4. cxd5 exd5 5. Nf3 h6 6. Bf4 Nf6 7. e3 Bd6 8. Bxd6 Qxd6 9. Bd3 O-O 10. O-O b6 11. Qc2 Bb7 12. e4 dxe4 13. Nxe4 Bxe4 14. Bxe4 Nxe4 15. Qxe4 Nd7 16. Rac1 Nf6 17. Qe5 Rac8 18. Rc2 Rfe8 19. Qxd6 cxd6 20. Rfc1 Rxc2 21. Rxc2 Nd5 22. Kf1 Kf8 23. a3 Rb8 24. g3 Ke7 25. Nd2 Kd7 26. Ke2 b5 27. Kd3 a5 28. b3 Re8 29. Rc1 f5 30. Nf1 f4 31. Ra1 g5 32. Kd2 Nf6 33. f3 Nd5 34. Re1 Rc8 35. Rc1 Rh8 36. Rd1 Rb8 37. Ra1 a4 38. Rb1 Ra8 39. bxa4 Rxa4 40. Rxb5 Kc6 41. Rb3 Rxd4+ 42. Rd3 Ra4 43. Ke2 h5 44. Nd2 Nf6 45. Nb3 d5 46. gxf4 gxf4 47. Rd4 Rxa3 48. Rxf4 Rxb3 49. Rxf6+ Kc5 50. Rf8 Kd4 51. Rf4+ Kc3 52. Ke3 Rb8 53. Rh4 Re8+ 54. Kf2 d4 55. Rxh5 d3 56. Rc5+ Kd4 57. Rc7 d2 58. Rd7+ Kc3 59. Rc7+ Kb2 60. Rd7 Kc1 61. Rc7+ Kd1 62. h4 Ra8 63. h5 Ra6 64. Rc5 Rh6 65. Kf1 Rf6 66. Kf2 Rh6 67. Kf1 Rf6 68. Kf2 1/2-1/2

[Event "Asian Zonal-ch 3.5 Women 2019"]
[Site "Zi Bo"]
[Date "2019.09.09"]
[Round "8.9"]
[White "Ha, Yihan"]
[Black "Bai, Xue"]
[Result "1-0"]
[ECO "D36"]
[WhiteElo "1580"]
[BlackElo "2093"]
[Annotator "NA"]
[PlyCount "125"]
[EventDate "2019.09.05"]
[EventType "swiss"]
[EventCountry "CHN"]
[SourceTitle "playchess.com"]
[Source "ChessBase"]
[SourceQuality "1"]
[TimeControl "5400+30"]

1. d4 Nf6 2. c4 e6 3. Nc3 d5 4. cxd5 exd5 5. Bg5 c6 6. e3 Be7 7. Bd3 O-O 8. Qc2 Nbd7 9. Nge2 Re8 10. O-O Nf8 11. Rab1 Be6 12. b4 b6 13. Rfc1 N6d7 14. Bf4 a5 15. bxa5 Rxa5 16. Na4 b5 17. Nac3 Nb6 18. Nxb5 cxb5 19. Bc7 Qa8 20. Bxb6 Rxa2 21. Qd1 Ba3 22. Rc2 Rxc2 23. Qxc2 Rc8 24. Qd2 Bd7 25. Qa5 Qxa5 26. Bxa5 Ra8 27. Be1 Rb8 28. Nc3 b4 29. Nxd5 b3 30. Kf1 Ne6 31. Ke2 Bc6 32. Nc3 Bxg2 33. Nb5 Bf8 34. Rxb3 Bd6 35. h4 Bd5 36. Rb1 Be7 37. f4 g6 38. Nc3 Rxb1 39. Bxb1 Bb7 40. Be4 Bxe4 41. Nxe4 Ng7 42. Ng5 h6 43. Nf3 Kf8 44. e4 Ke8 45. Ke3 Ne6 46. f5 Ng7 47. Kf4 Nh5+ 48. Ke3 Ng7 49. fxg6 fxg6 50. Bg3 g5 51. hxg5 hxg5 52. Ne5 Bd6 53. Bh2 Ne6 54. Ng4 Ba3 55. d5 Bc1+ 56. Kd3 Nc5+ 57. Kd4 Nd7 58. e5 Ke7 59. Ke4 Nb6 60. Bg1 Nc4 61. Bc5+ Kf7 62. e6+ Kg7 63. e7 1-0

[Event "Asian Zonal-ch 3.5 Women 2019"]
[Site "Zi Bo"]
[Date "2019.09.09"]
[Round "8.10"]
[White "Cai Youyang"]
[Black "Yuan, Ye"]
[Result "1/2-1/2"]
[ECO "A84"]
[WhiteElo "1910"]
[BlackElo "2092"]
[Annotator "NA"]
[PlyCount "54"]
[EventDate "2019.09.05"]
[EventType "swiss"]
[EventCountry "CHN"]
[SourceTitle "playchess.com"]
[Source "ChessBase"]
[SourceQuality "1"]
[TimeControl "5400+30"]

1. d4 d5 2. c4 e6 3. Nf3 c6 4. e3 f5 5. Bd3 Nf6 6. O-O Bd6 7. Ne5 O-O 8. f4 Ne4 9. Nd2 b6 10. Ndf3 Rf6 11. Bd2 Nxd2 12. Qxd2 Bb7 13. b4 Nd7 14. Nxd7 Qxd7 15. c5 Bc7 16. a4 h6 17. Qe2 Kh8 18. h4 Qe8 19. Rf2 Qe7 20. a5 b5 21. g3 h5 22. Kh1 g6 23. Kg1 Kg8 24. Kh1 Kh8 25. Kg1 Kg8 26. Kh1 Kh8 27. Kg1 Kg8 1/2-1/2

[Event "Asian Zonal-ch 3.5 Women 2019"]
[Site "Zi Bo"]
[Date "2019.09.09"]
[Round "8.11"]
[White "Xue, Yue"]
[Black "Zhao, Shengxin"]
[Result "0-1"]
[ECO "B92"]
[WhiteElo "1678"]
[BlackElo "2162"]
[Annotator "ChessBase"]
[PlyCount "68"]
[EventDate "2019.09.05"]
[EventType "swiss"]
[EventCountry "CHN"]
[SourceTitle "playchess.com"]
[Source "ChessBase"]
[SourceQuality "1"]
[TimeControl "5400+30"]

1. e4 c5 2. Nf3 d6 3. d4 cxd4 4. Nxd4 Nf6 5. Nc3 a6 6. Be2 e5 7. Nb3 Be7 8. Be3 O-O 9. O-O Be6 10. f4 b5 11. a3 Nbd7 12. f5 Bc4 13. Nd2 Bxe2 14. Qxe2 Nb6 15. Kh1 Rc8 16. Rad1 h6 17. Bxb6 Qxb6 18. Nd5 Nxd5 19. exd5 Rxc2 20. f6 Bxf6 21. Rxf6 gxf6 22. Qg4+ Kh8 23. Qf5 Qc7 24. Qxf6+ Kh7 25. Qf5+ Kg7 26. Qg4+ Kh8 27. Qh5 f5 28. Qxh6+ Kg8 29. Qg6+ Qg7 30. Qxd6 e4 31. Qxa6 Qg4 32. Qe6+ Rf7 33. Qe8+ Kg7 34. Qe5+ Kh7 0-1

[Event "Asian Zonal-ch 3.5 Women 2019"]
[Site "Zi Bo"]
[Date "2019.09.09"]
[Round "8.12"]
[White "Wang, Yuehan"]
[Black "Zhao, Caidi"]
[Result "1/2-1/2"]
[ECO "B90"]
[WhiteElo "1600"]
[BlackElo "1540"]
[Annotator "NA"]
[PlyCount "119"]
[EventDate "2019.09.05"]
[EventType "swiss"]
[EventCountry "CHN"]
[SourceTitle "playchess.com"]
[Source "ChessBase"]
[SourceQuality "1"]
[TimeControl "5400+30"]

1. e4 c5 2. Nf3 d6 3. d4 cxd4 4. Nxd4 Nf6 5. Nc3 a6 6. f3 e5 7. Nb3 Be7 8. Be3 Be6 9. Qd2 O-O 10. O-O-O Nbd7 11. g4 b5 12. Nd5 Bxd5 13. exd5 Nb6 14. Bxb6 Qxb6 15. Qe2 Rfe8 16. h4 b4 17. Kb1 a5 18. Nc1 Qc5 19. Qb5 Rec8 20. Qxc5 Rxc5 21. Bd3 Nd7 22. Nb3 Rc7 23. Bb5 Nb8 24. a4 bxa3 25. bxa3 Rc3 26. Rd3 Rxd3 27. Bxd3 Bd8 28. Bb5 Na6 29. Bc6 Rb8 30. Ka2 g6 31. h5 Kg7 32. hxg6 hxg6 33. Kb2 Nc5 34. Kc3 Bb6 35. Nd2 Bc7 36. Nc4 Kg8 37. Kd2 Kg7 38. Kc3 Kg8 39. Nd2 Kg7 40. Rh3 Kg8 41. Rh2 Kg7 42. Rh1 Kg8 43. Rb1 Rxb1 44. Nxb1 f5 45. gxf5 gxf5 46. Nd2 Kf7 47. Kc4 Kf6 48. Be8 e4 49. fxe4 fxe4 50. Kb5 Ke5 51. Kc6 Bb8 52. Bh5 Kd4 53. Nb3+ Nxb3 54. cxb3 Ba7 55. Kxd6 Bc5+ 56. Kc6 Bxa3 57. d6 Bxd6 58. Kxd6 Kc3 59. Ke5 Kxb3 60. Kxe4 1/2-1/2